 Dungeon Crawl Stone Soup version 0.14-a0-1707-g75daffb (webtiles) character file.

6875 Jenx the Thaumaturge (level 10, -4/59 HPs)
             Began as a Deep Elf Conjurer on Dec 31, 2013.
             Was a Follower of Ashenzari.
             Shot with an arrow of flame by a centaur (8 damage)
             ... on Level 9 of the Dungeon.
             The game lasted 00:48:56 (13890 turns).

Jenx the Thaumaturge (Deep Elf Conjurer)           Turns: 13890, Time: 00:48:56

HP  -4/59        AC  8     Str  5      XL: 10   Next: 68%
MP  15/32        EV 15     Int 27      God: Ashenzari [*.....]
Gold 385         SH  0     Dex 18      Spells:  4 memorised, 20 levels left

rFire  . . .     SeeInvis .     a - +5,+6 orc short sword (elec) (curse)
rCold  . . .     Clarity  .     r - +0 elf robe
rNeg   . . .     Conserve .     (no shield)
rPois  .         rCorr    .     K - +2 helmet {Int+3} (curse)
rElec  .         rRot     .     I - +0 cloak
SustAb . .       Spirit   .     q - +1 pair of gloves {Dex+3} (curse)
rMut   .         Warding  .     (no boots)
Saprov . . .     Stasis   .     (no amulet)
                                M - ring of flight
                                e - +2 ring of evasion

@: somewhat resistant to hostile enchantments, stealthy
A: no striking features
a: Renounce Religion, Evoke Flight


You were on level 9 of the Dungeon.
You worshipped Ashenzari.
Ashenzari was aware of your devotion.
You were not hungry.

You visited 1 branch of the dungeon, and saw 9 of its levels.
You also visited: Ossuary.

You collected 647 gold pieces.
You spent 262 gold pieces at shops.

Inventory:

Hand weapons
 a - a cursed +5,+6 orcish short sword of electrocution (weapon)
 h - a +3,+2 quarterstaff of chaos
Missiles
 H - 4 exploding darts (quivered)
Armour
 q - a cursed +1 pair of gloves of dexterity (worn)
 r - a +0 elven robe (worn)
 I - a +0 cloak (worn)
 K - a cursed +2 helmet of intelligence (worn)
Magical devices
 k - a wand of magic darts (11)
 l - a wand of lightning (1)
 o - a wand of magic darts (12)
 E - a wand of digging (10) {unknown}
Comestibles
 b - 2 bread rations
 u - 4 meat rations
 A - a rotting chunk of iguana flesh
Scrolls
 f - a scroll of recharging {unknown}
 i - 2 scrolls of enchant weapon I {unknown}
 z - 3 scrolls of amnesia
 B - 3 scrolls of fear
 F - a scroll of blinking
 G - a scroll of magic mapping
 N - a scroll of fog {unknown}
Jewellery
 e - a +2 ring of evasion (left hand)
 j - an uncursed ring of protection from fire
 v - a cursed ring of teleportation
 C - an uncursed amulet of guardian spirit
 M - a ring of flight (right hand)
Potions
 d - 2 potions of flight {unknown}
 g - 2 potions of might {unknown}
 m - 2 potions of poison {unknown}
 n - 2 potions of beneficial mutation {unknown}
 p - a potion of brilliance {unknown}
 s - 2 potions of agility
 t - 2 potions of lignification {unknown}
 w - 2 potions of restore abilities
 D - 2 potions of curing
 J - a potion of mutation {unknown}
Books
 c - a book of Conjurations

   Spells                             Type                      Level
   *Magic Dart                        Conjuration                  1
   Searing Ray                        Conjuration                  2
   *Dazzling Spray                    Conjuration/Hexes            3
   *Iskenderun's Mystic Blast         Conjuration                  4
   *Iskenderun's Battlesphere         Conjuration/Charms           4
   Fulminant Prism                    Conjuration/Hexes            5
 y - a Grand Grimoire {highlevel}

   This book is beyond your current level of understanding.

   Spells                             Type                      Level
   Demonic Horde                      Summoning                    6
   Mass Abjuration                    Summoning                    6
   Haunt                              Necromancy/Summoning         7
   Summon Greater Demon               Summoning                    7
   Malign Gateway                     Summoning/Translocation      7
   Summon Horrible Things             Summoning                    8
Magical staves
 x - an uncursed staff of poison


   Skills:
 - Level 5.5 Fighting
 + Level 7.3 Short Blades
 - Level 2.4 Dodging
 - Level 2.4 Stealth
 - Level 11.8 Spellcasting
 - Level 10.1 Conjurations
 - Level 3.8 Charms
 - Level 3.1 Evocations


You had 20 spell levels left.
You knew the following spells:

 Your Spells              Type           Power        Failure   Level  Hunger
a - Magic Dart            Conj           ####         1%          1    None
b - Dazzling Spray        Conj/Hex       #####...     1%          3    None
c - Iskenderun's Mystic   Conj           ######..     1%          4    None
d - Iskenderun's Battles  Conj/Chrm      ######..     2%          4    None


Dungeon Overview and Level Annotations

Branches:
Dungeon (9/16)             Temple (0/1) D:7
    Orc: D:9-12        Lair: D:8-11

Altars:
Ashenzari
Kikubaaqudgha
Makhleb
Trog

Shops:
D:5 [   D:6 =

Annotations:
D:5 gloves of dexterity 142
D:6 ReteAZ's ghost, experienced DDFi


Message History

Aiming: Dazzling Spray
Press: ? - help, Shift-Dir - straight line, f/p - four-headed hydra
Aim: a four-headed hydra (almost dead)
Okay, then.
Casting: Dazzling Spray
Confirm with . or Enter, or press ? or * to list all spells.
Aiming: Dazzling Spray
Press: ? - help, Shift-Dir - straight line, f/p - four-headed hydra
Aim: a four-headed hydra (almost dead)
Okay, then.
Casting: Dazzling Spray
Confirm with . or Enter, or press ? or * to list all spells.
Aiming: Iskenderun's Mystic Blast
Press: ? - help, Shift-Dir - straight line, f/p - four-headed hydra
Aim: a four-headed hydra (almost dead)
The orb of energy hits the four-headed hydra.
You kill the four-headed hydra!
Your Short Blades skill increases to level 7!
The centaur shoots an arrow of flame.
The arrow of flame hits you!
You die...

. . +..# ..#. #..# #..
.... #..# #..... .
#..####..# #....# #..
#........# #....# #..
#......# #....# #.c.
#.#.##.# #....#
#....###%#.##.# #....#
#......@...##.# #%.<.#
#.....#######.####....#
#..... #.........#
#..... #.........#
#..... #....######
#.....#######....#
................#
..$............#
............#


You could see a centaur.

Vanquished Creatures
  A hydra (D:9)
  A guardian serpent (D:9)
  Grinder (D:6)
  A hippogriff (D:9)
  A hill giant skeleton (D:8)
  An orc warrior (D:7)
  A phantom (D:7)
  2 black bears
  An ice beast (D:8)
  A yellow wasp (D:8)
  8 giant goldfish (D:7)
  6 centaurs
  6 ogres
  3 giant frogs
  A crocodile (D:8)
  An elf skeleton (D:4)
  5 killer bees (D:9)
  2 electric eels (D:7)
  A yak skeleton (D:8)
  2 quasits
  A jellyfish (D:7)
  12 crimson imps
  2 goliath beetles
  2 big fish (D:7)
  4 orc priests
  8 hounds
  Crazy Yiuf (D:4)
  A giant frog skeleton (D:9)
  2 iguanas
  9 worker ants
  3 scorpions
  6 orc wizards
  6 big kobold zombies (Ossuary)
  A big kobold skeleton (D:7)
  A hound zombie (D:7)
  A mummy (Ossuary)
  7 gnolls
  11 adders
  An inept item mimic (D:8)
  A giant mite (D:5)
  An inept feature mimic (D:2)
  A goliath beetle zombie (D:7)
  6 worms
  2 giant eyeballs
  4 giant geckos
  2 oozes
  36 orcs
  4 spectral bats (Ossuary)
  16 bats
  2 bat skeletons
  4 giant cockroaches
  8 hobgoblins
  10 jackals
  7 quokkas
  A ball python (D:7)
  3 bat simulacra (Ossuary)
  6 giant newts
  2 gnoll zombies (Ossuary)
  10 goblins
  4 goblin simulacra (Ossuary)
  4 goblin zombies (Ossuary)
  4 hobgoblin zombies (Ossuary)
  16 kobolds
  3 kobold simulacra (Ossuary)
  4 kobold zombies (Ossuary)
  An orc skeleton (D:4)
  2 orc zombies
  15 rats
  6 rat simulacra (Ossuary)
  A rat zombie (D:6)
  3 spectral goblins (Ossuary)
  4 spectral kobolds (Ossuary)
  2 spectral rats (Ossuary)
320 creatures vanquished.

Vanquished Creatures (others)
  A big kobold zombie (Ossuary)
1 creature vanquished.

Grand Total: 321 creatures vanquished

Notes
Turn   | Place    | Note
--------------------------------------------------------------
     0 | D:1      | Jenx, the Deep Elf Conjurer, began the quest for the Orb.
     0 | D:1      | Reached XP level 1. HP: 10/10 MP: 5/5
   315 | D:1      | Reached XP level 2. HP: 13/15 MP: 1/8
   348 | D:1      | Reached skill level 5 in Conjurations
   757 | D:1      | Reached XP level 3. HP: 19/19 MP: 5/10
  1272 | D:2      | Found an ancient bone altar of Kikubaaqudgha.
  1315 | D:2      | Learned a level 3 spell: Dazzling Spray
  1432 | D:2      | Reached skill level 6 in Conjurations
  1517 | D:2      | Reached XP level 4. HP: 24/24 MP: 9/13
  1525 | D:2      | Learned a level 4 spell: Iskenderun's Mystic Blast
  2245 | D:3      | Reached skill level 7 in Conjurations
  2245 | D:3      | Reached XP level 5. HP: 18/28 MP: 3/16
  2745 | D:3      | Found a shattered altar of Ashenzari.
  2780 | D:3      | Became a worshipper of Ashenzari the Shackled
  3381 | D:4      | Reached skill level 8 in Conjurations
  3381 | D:4      | Reached XP level 6. HP: 17/32 MP: 7/18
  3451 | D:4      | Found a sand-covered staircase.
  3480 | Ossuary  | Entered an ossuary
  5126 | Ossuary  | Reached skill level 9 in Conjurations
  5202 | D:4      | Noticed an ogre
  5213 | D:4      | Killed an ogre
  5213 | D:4      | Reached XP level 7. HP: 34/36 MP: 2/20
  6068 | D:4      | Noticed an ogre
  6084 | D:4      | Killed an ogre
  6313 | D:4      | Noticed Crazy Yiuf
  6324 | D:4      | Killed Crazy Yiuf
  6324 | D:4      | Reached skill level 10 in Conjurations
  6558 | D:5      | Entered Level 5 of the Dungeon
  6620 | D:5      | Learned a level 4 spell: Iskenderun's Battlesphere
  6784 | D:5      | Found Jeqoal's Armour Boutique.
  6814 | D:5      | Bought a +0 helmet of intelligence for 120 gold pieces
  7102 | D:5      | Reached skill level 5 in Spellcasting
  7365 | D:5      | Reached XP level 8. HP: 41/41 MP: 15/25
  7611 | D:6      | Reached skill level 1 in Charms
  7627 | D:6      | Noticed ReteAZ's ghost (experienced DDFi)
  7874 | D:6      | Found a bloodstained altar of Trog.
  8010 | D:6      | Found a burning altar of Makhleb.
  8013 | D:6      | Reached skill level 1 in Fighting
  8265 | D:6      | Noticed Grinder
  8272 | D:6      | Killed Grinder
  8462 | D:6      | Found Qotoucs' Jewellery Shop.
  8824 | D:6      | Reached skill level 5 in Fighting
  9171 | D:7      | Reached XP level 9. HP: 52/54 MP: 16/26
  9621 | D:5      | Bought a +1 pair of gloves of dexterity for 142 gold pieces
 10468 | D:7      | Found a staircase to the Ecumenical Temple.
 10818 | D:7      | Reached skill level 10 in Spellcasting
 11117 | D:7      | Reached skill level 11 in Spellcasting
 11861 | D:8      | Reached skill level 1 in Evocations
 11861 | D:8      | Reached XP level 10. HP: 49/59 MP: 27/32
 11923 | D:8      | Paralysed by a yellow wasp for 1 turns
 11926 | D:8      | Paralysed by a yellow wasp for 3 turns
 12244 | D:8      | Reached skill level 1 in Short Blades
 13371 | D:9      | Noticed a guardian serpent
 13378 | D:9      | HP: 1/59 [guardian serpent/bolt of poison (11)]
 13494 | D:9      | Reached skill level 5 in Short Blades
 13787 | D:9      | Killed a guardian serpent
 13885 | D:9      | Noticed a four-headed hydra
 13890 | D:9      | Killed a four-headed hydra
 13890 | D:9      | Shot with an arrow of flame by a centaur

Action                   |  1- 3 |  4- 6 |  7- 9 | 10-12 || total
-------------------------+-------+-------+-------+-------++-------
Melee: Short sword       |     7 |    36 |    85 |    98 ||   226
Throw: Stone             |     2 |       |       |       ||     2
       Dart              |       |       |     3 |       ||     3
 Cast: Magic Dart        |    75 |   196 |   177 |    26 ||   474
       Dazzling Spray    |       |    31 |   134 |    49 ||   214
       Iskenderun's Myst |       |    10 |    36 |    22 ||    68
       Iskenderun's Batt |       |       |     1 |       ||     1
 Abil: Evoke Flight      |       |       |     2 |       ||     2
Evoke: Wand              |       |     3 |     3 |       ||     6
  Use: Scroll            |       |     5 |    16 |     6 ||    27
       Potion            |       |       |     3 |     3 ||     6
 Stab: Distracted        |     1 |       |       |       ||     1
       Sleeping          |       |     1 |       |     2 ||     3
       Invisible         |       |       |     4 |     3 ||     7
